 Dungeon Crawl Stone Soup version 0.32-a0-450-g080537f31e (webtiles) character file.

Game seed: 5717660765983668730

199 Dittersdorf the Covered (level 5, -19/34 HPs)
             Began as a Gargoyle Fighter on Feb 23, 2024.
             Killed from afar by an oklob plant (22 damage)
             ... with a splash of acid
             ... on level 3 of the Dungeon.
             The game lasted 00:02:23 (1967 turns).

Dittersdorf the Covered (Gargoyle Fighter)          Turns: 1967, Time: 00:02:23

Health: -19/34     AC: 22    Str: 22    XL:     5   Next: 77%
Magic:  5/5        EV:  8    Int:  8    God:
Gold:   155        SH:  4    Dex:  9    Spells: 4/4 levels left

rFire   + . .        a - +0 flail
rCold   . . .        c - +0 buckler
rNeg    + . .        u - +2 chain mail {rF+}
rPois   ∞            (no helmet)
rElec   +            (no cloak)
rCorr   .            f - +0 pair of gloves
SInv    .            j - +0 pair of boots
Will    .....        (no amulet) Stlth
                     k - ring of flight
HPRegen 0.25/turn    m - +4 ring of protection
MPRegen 0.09/turn

%: no passive effects
@: flying
A: sickness immunity, AC +4, negative energy resistance 1, electricity
resistance, torment resistance 1, petrification resistance
a: no special abilities


You were on level 3 of the Dungeon.
You visited 1 branch of the dungeon, and saw 3 of its levels.

You collected 155 gold pieces.

Inventory:

Hand Weapons
 a - a +0 flail (weapon)
Armour
 c - a +0 buckler (worn)
 f - a +0 pair of gloves (worn)
 j - a +0 pair of boots (worn)
 u - a +2 chain mail of fire resistance (worn)
Jewellery
 k - a ring of flight (left hand)
 m - a +4 ring of protection (right hand)
Wands
 s - a wand of quicksilver (5)
 t - a wand of flame (25) (quivered)
Scrolls
 b - a scroll of revelation {unknown}
 e - 9 scrolls of identify {unknown}
 l - a scroll of amnesia {unknown}
 n - 2 scrolls of teleportation {unknown}
 r - a scroll of vulnerability {unknown}
Potions
 d - a potion of might
 g - a potion of mutation {unknown}
 h - a potion of curing {unknown}
 i - a potion of heal wounds {unknown}
 o - a potion of degeneration {unknown}
 p - a potion of lignification {unknown}


   Skills:
 + Level 4.4 Fighting
 + Level 3.3 Maces & Flails
 + Level 4.4 Armour
 + Level 4.4 Shields


You had 4 spell levels left.
You didn't know any spells.
Your spell library was empty.

Dungeon Overview and Level Annotations

Branches:
Dungeon (3/15)

Altars:
Fedhas
Kikubaaqudgha
Nemelex Xobeh

Annotations:
D:3 exclusion: oklob plant


Innate Abilities, Weirdness & Mutations

You are immune to sickness and miasma.
Your stone body is resilient. (AC +4)
You are immune to poison.
You resist negative energy. (rN+)
You are resistant to electric shocks. (rElec)
You are resistant to unholy torment.
You are immune to petrification.


Message History

The plant is lightly damaged.
A nearby plant withers and dies.
You hit the plant.
The plant begins to die.
The plant is lightly damaged.
You sock the plant!
The plant is lightly damaged.
You hit the plant.
The plant is lightly damaged.
A nearby plant withers and dies.
You hit the plant.
The plant begins to die.
The plant is lightly damaged.
You hit the plant.
The plant is lightly damaged.
You hit the plant.
The plant is lightly damaged.
The oklob plant spits acid at you. The splash of acid hits you.
You hit the plant.
The plant is lightly damaged.
A nearby plant withers and dies.
The oklob plant spits acid at you. The splash of acid hits you.
You hit the oklob plant.
The oklob plant is lightly damaged.
The oklob plant spits acid at you.
The splash of acid hits you but does no damage.
You hit the oklob plant but do no damage.
The oklob plant is lightly damaged.
You hit the oklob plant but do no damage.
The oklob plant is lightly damaged.
The oklob plant spits acid at you. The splash of acid hits you!!
Ouch! That really hurt!
* * * LOW HITPOINT WARNING * * *
You hit the oklob plant.
The oklob plant is lightly damaged.
The oklob plant spits acid at you. The splash of acid hits you!!
Ouch! That really hurt!
You die...

##♣PP.~≈~~...≈≈≈≈.
#.P#P......_.~≈≈~.
#.PP#.~~~~...~≈≈~.
#PPPP.~~≈≈~~~~≈≈~.
#PP.P..~~≈≈≈≈≈~~..
#.PPP#..~~≈P≈~~..#
#PP.P.P..~≈~≈~...♣
#P..PPPP..........
#@..........P♣P♣.♣
#.P..PP♣P..♣.PP♣.♣
#.PP.♣#PP♣♣#....#P


#PPPPPP#PP.♣PP♣♣.# ################## You could see an oklob plant.

Vanquished Creatures
  Jessica (D:3)
  Terence (D:3)
  Natasha (thrice) (D:2)
  3 adders
  A ribbon worm (D:2)
  4 ball pythons
  3 endoplasms
  4 giant cockroaches
  2 goblins (D:1)
  6 hobgoblins
  3 jackals (D:1)
  2 quokkas (D:1)
  2 bats (D:1)
  10 frilled lizards (D:3)
  2 kobolds
  A rat (D:1)
48 creatures vanquished.

Notes
Turn   | Place    | Note
-------+----------+-------------------------------------------
     0 | D:1      | Dittersdorf the Gargoyle Fighter began the quest for the
                  | Orb.
     0 | D:1      | Reached XP level 1. HP: 14/14 MP: 1/1
   150 | D:1      | Reached XP level 2. HP: 19/19 MP: 2/2
   280 | D:1      | Reached XP level 3. HP: 19/23 MP: 3/3
   602 | D:2      | Found a faded altar of an unknown god.
   644 | D:2      | Noticed Natasha
   654 | D:2      | Killed Natasha
   655 | D:2      | Reached XP level 4. HP: 22/29 MP: 4/4
   883 | D:2      | Noticed Natasha
   907 | D:2      | Killed Natasha
  1069 | D:2      | Noticed Natasha
  1077 | D:2      | Killed Natasha
  1078 | D:2      | Reached XP level 5. HP: 32/33 MP: 5/5
  1408 | D:3      | Found a sparkling altar of Nemelex Xobeh.
  1411 | D:3      | Noticed Jessica
  1417 | D:3      | Killed Jessica
  1434 | D:3      | Found an ancient bone altar of Kikubaaqudgha.
  1471 | D:3      | Found a blossoming altar of Fedhas.
  1505 | D:3      | Noticed an oklob plant
  1630 | D:3      | Noticed Terence
  1646 | D:3      | Killed Terence
  1967 | D:3      | Killed from afar by an oklob plant

Illustrated notes

Levels and vault maps discovered:
D:1:      dpeg_arrival_tiny_d, layout_rooms
D:2:      layout_rooms, basic_ecumenical_altar, nicolae_underground_beach,
          uniq_natasha
D:3:      layout_rooms, tgw_fedhas, nicolae_overflow_squiral,
          minmay_lizard_king, uniq_jessica, uniq_terence

Skill      XL: |  1  2  3  4 |
---------------+-------------+-----
Shields        | 4 |  4.4
Fighting       | 4 |  4.4
Armour         | 4 |  4.4
Maces & Flails | 3 |  3.3

Action                     |  1- 3 |  4- 6 || total
---------------------------+-------+-------++-------
  Melee: Flail             |    88 |   178 ||   266
 Armour: Scale mail        |    73 |    46 ||   119
         Chain mail        |       |    60 ||    60
  Dodge: Dodged            |    51 |    64 ||   115
  Block: Buckler           |    24 |    32 ||    56

Table legend: (Time is in decaauts)
 A = Elapsed time spent in this place.
 B = Non-inter-level travel time spent in this place.
 C = Inter-level travel time spent in this place.
 D = Time resting spent in this place.
 E = Time spent auto-exploring this place.
 F = Levels seen in this place.
 G = Mean time per level.
                   A        B        C        D        E       F      G
               +--------+--------+--------+--------+--------+-----+--------+
         Total |   2042 |   1978 |     64 |     71 |   1285 |   3 |  680.7 |
       Dungeon |   2042 |   1978 |     64 |     71 |   1285 |   3 |  680.7 |
               +--------+--------+--------+--------+--------+-----+--------+

Top non-repeatable levels by time:
     D:3: 771 daAuts
     D:2: 742 daAuts
     D:1: 528 daAuts
